 Dungeon Crawl Stone Soup version 0.31.0-32-g396128a36d (webtiles) character file.

Game seed: 1470628805031485649

257 Curundu the Chopper (level 5, 0/70 HPs)
             Began as a Minotaur Berserker on Apr 3, 2024.
             Was a Believer of Trog.
             Slain by a gnoll
             ... wielding a +0 club
              (1 damage)
             ... on level 3 of the Dungeon.
             The game lasted 00:04:51 (2507 turns).

Curundu the Chopper (Minotaur Berserker)            Turns: 2507, Time: 00:04:51

Health: 0/70       AC:  2    Str: 24    XL:     5   Next: 93%
Magic:  4/4        EV: 12    Int:  4    God:    Trog [**....]
Gold:   108        SH:  4    Dex:  9    Spells: 4/4 levels left

rFire   . . .        a - +0 hand axe
rCold   . . .        r - +0 buckler
rNeg    . . .        b - +0 animal skin
rPois   .            (helmet restricted)
rElec   .            (no cloak)
rCorr   .            (no gloves)
SInv    .            (no boots)
Will    .....        (no amulet) Stlth
                     (no ring)
HPRegen 0.31/turn    (no ring)
MPRegen 0.09/turn

%: no passive effects
@: berserking, very quick
A: horns 2, retaliatory headbutt
a: Renounce Religion, Berserk, Trog's Hand


You were on level 3 of the Dungeon.
You worshipped Trog.
Trog was pleased with you.
You visited 1 branch of the dungeon, and saw 3 of its levels.

You collected 108 gold pieces.

Inventory:

Hand Weapons
 a - a +0 hand axe (weapon)
Missiles
 k - 2 boomerangs (quivered)
Armour
 b - a +0 animal skin (worn)
 r - a +0 buckler (worn)
Wands
 s - a wand of flame (13)
Scrolls
 c - 3 scrolls of identify {unknown}
 f - a scroll of enchant weapon {unknown}
 g - a scroll of brand weapon {unknown}
 i - a scroll of silence {unknown}
 j - 3 scrolls of immolation {unknown}
 l - 3 scrolls of enchant armour {unknown}
 m - a scroll of torment {unknown}
 n - a scroll of poison {unknown}
 o - a scroll of teleportation {unknown}
 q - a scroll of butterflies {unknown}
 t - a scroll of fog {unknown}
Potions
 d - 2 potions of haste {unknown}
 e - 2 potions of brilliance {unknown}
 h - a potion of mutation {unknown}
 p - a potion of curing {unknown}


   Skills:
 + Level 4.8 Fighting
 + Level 5.9 Axes
 * Level 3.6 Armour
 - Level 2.7 Dodging
 - Level 0.5 Stealth
 * Level 2.2 Shields


You had 4 spell levels left.
You didn't know any spells.
Your spell library was empty.

Dungeon Overview and Level Annotations

Branches:
Dungeon (3/15)

Altars:
Zin


Innate Abilities, Weirdness & Mutations

You have a pair of horns on your head.
You reflexively headbutt those who attack you in melee.


Message History

The slug dart hits you. The dart slug barely misses you.
You furiously retaliate!
You headbutt the dart slug. You slash the dart slug!
You kill the dart slug!
Trog accepts your kill.
You see here a dart slug corpse.
j - 3 scrolls labelled CUECHECKIT (gained 1)
A gnoll comes into view. It is wielding a +0 halberd.
The gnoll shouts! 2 gnolls come into view.
The gnoll shouts!
Found a green potion.
The gnoll shouts!
The gnoll closely misses you.
The gnoll hits you from afar with a +0 spear!
The gnoll barely misses you.
You barely miss the gnoll. You headbutt the gnoll.
The gnoll is moderately wounded.
The gnoll hits you from afar with a +0 spear!
The gnoll barely misses you.
The gnoll hits you from afar with a +0 halberd!
You hit the gnoll but do no damage.
The gnoll is moderately wounded.
The gnoll hits you from afar with a +0 spear.
The gnoll hits you from afar with a +0 halberd!
* * * LOW HITPOINT WARNING * * *
The gnoll hits you with a +0 spear!
* * * LOW HITPOINT WARNING * * *
The gnoll closely misses you. You furiously retaliate!
You headbutt the gnoll.
A red film seems to cover your vision as you go berserk!
You feel yourself moving faster!
You feel mighty! The gnoll closely misses you.
The gnoll hits you with a +0 spear.
* * * LOW HITPOINT WARNING * * *
The gnoll barely misses you.
You slash the gnoll!
The gnoll is severely wounded.
You closely miss the gnoll. The gnoll closely misses you.
The gnoll completely misses you. The gnoll hits you with a +0 club.
You die...

# ###
#.#############.#
#...............#
.###
#.#....g........#
....
#..!.g@.g.....†.#
....
###.###########.#
.### #.# #....
#.#.#.###
##.#.#.###
+.........
##.#.##### #.#.#
# #......##.# # #


You could see 3 gnolls.

Vanquished Creatures
  Sigmund (D:3)
  3 adders
  A dart slug (D:3)
  2 ribbon worms
  An orc (D:3)
  2 bats
  7 endoplasms
  2 giant cockroaches (D:1)
  5 hobgoblins
  2 jackals (D:2)
  4 quokkas (D:1)
  9 ball pythons
  4 frilled lizards
  4 goblins
  5 kobolds
  5 rats
57 creatures vanquished.

Notes
Turn   | Place    | Note
-------+----------+-------------------------------------------
     0 | D:1      | Curundu the Minotaur Berserker began the quest for the Orb.
     0 | D:1      | Reached XP level 1. HP: 19/19 MP: 0/0
   145 | D:1      | Reached skill level 4 in Axes
   145 | D:1      | Reached XP level 2. HP: 5/27 MP: 1/1
   332 | D:1      | You fall into a shaft and drop 1 floor!
   687 | D:1      | Reached XP level 3. HP: 33/33 MP: 2/2
   771 | D:2      | Reached ** piety under Trog
   880 | D:2      | Found a faded altar of an unknown god.
  1689 | D:2      | Reached XP level 4. HP: 41/41 MP: 3/3
  2127 | D:3      | Noticed Sigmund
  2148 | D:3      | Killed Sigmund
  2149 | D:3      | Reached skill level 5 in Axes
  2149 | D:3      | Reached XP level 5. HP: 18/47 MP: 4/4
  2297 | D:3      | Found a glowing silver altar of Zin.
  2506 | D:3      | HP: 1/70 [gnoll/+0 spear (4)]
  2507 | D:3      | Slain by a gnoll

Illustrated notes

Levels and vault maps discovered:
D:1:      nagdon_arrival_double_spiral, layout_rooms
D:2:      layout_basic, dreamdust_ecumenical_altar_angels_and_demons,
          minmay_shallow_snake_nest
D:3:      layout_basic, zin_scriptorium, grunt_decor_junction,
          minmay_crystal_room, uniq_sigmund

Skill      XL: |  1  2  3  4 |
---------------+-------------+-----
Axes           | 4 5 |  5.9
Fighting       | 4 |  4.8
Armour         | 3 |  3.6
Shields        | 2 |  2.2
Dodging        | |  2.7
Stealth        | |  0.5

Action                     |  1- 3 |  4- 6 || total
---------------------------+-------+-------++-------
  Melee: Hand axe          |    99 |    37 ||   136
         Headbutt          |    16 |     7 ||    23
 Invoke: Berserk           |       |     2 ||     2
   Stab: Sleeping          |     1 |       ||     1
 Armour: Animal skin       |    50 |    25 ||    75
  Dodge: Dodged            |    80 |    30 ||   110
  Block: Buckler           |       |     1 ||     1
